 Dungeon Crawl Stone Soup version 0.20.1-1-g8b1a95d (webtiles) character file.

41 letownia2 the Grave Robber (level 3, -4/28 HPs)
             Began as a Deep Dwarf Necromancer on Nov 20, 2017.
             Killed by miscasting Vampiric Draining (14 damage)
             ... on level 2 of the Dungeon.
             The game lasted 00:03:21 (869 turns).

letownia2 the Grave Robber (Deep Dwarf Necromancer)  Turns: 869, Time: 00:03:22

Health: -4/28      AC:  8    Str: 11    XL:     3   Next: 32%
Magic:  0/6        EV: 11    Int: 16    God:
Gold:   141        SH:  0    Dex: 13    Spells: 3/7 levels left

rFire    . . .     SeeInvis .   e - +0 dagger
rCold    . . .     Gourm    .   (no shield)
rNeg     . . .     Faith    .   j - +0 ring mail
rPois    .         Spirit   .   g - +2 hat
rElec    .         Reflect  .   (no cloak)
rCorr    .         Harm     .   a - +0 pair of gloves
MR       .....                  (no boots)
Stlth    +.........             (no amulet)
Regen    0.0/turn               (no ring)
MPRegen  0.1/turn               (no ring)

@: very slightly contaminated, non-regenerating
A: damage resistance, heal wounds, sense surroundings 1, no regeneration
a: Heal Wounds


You were on level 2 of the Dungeon.
You were not hungry.

You visited 1 branch of the dungeon, and saw 3 of its levels.

You collected 141 gold pieces.

Inventory:

Hand Weapons
 e - a +0 dagger (weapon)
Missiles
 h - 3 tomahawks (quivered)
 i - 18 poisoned needles
Armour
 a - a +0 pair of gloves (worn)
 g - a +2 hat (worn)
 j - a +0 ring mail (worn)
Scrolls
 d - 2 scrolls of identify {unknown}
Books
 b - a book of Necromancy

   Spells                             Type                      Level
   a - Pain                           Necromancy                   1
   b - Animate Skeleton               Necromancy                   1
   c - Vampiric Draining              Necromancy                   3
   d - Regeneration                   Charms/Necromancy            3
   e - Animate Dead                   Necromancy                   4
   f - Control Undead                 Necromancy                   4
Comestibles
 c - a bread ration
 f - 2 chunks of flesh


   Skills:
 - Level 2.1 Dodging
 - Level 2.4 Stealth
 + Level 2.6 Spellcasting
 + Level 5.0 Necromancy


You had 3 spell levels left.
You knew the following spells:

 Your Spells              Type           Power        Failure   Level  Hunger
a - Pain                  Necr           ###.         6%          1    #......
v - Vampiric Draining     Necr           ###.......   19%         3    ###....


Dungeon Overview and Level Annotations

Branches:
Dungeon (3/15)

Altars:
Ashenzari
Uskayaw


Innate Abilities, Weirdness & Mutations

You are resistant to damage.
You can heal yourself by infusing magical energy.
You passively map a small area around you.
You do not regenerate.


Message History

Casting: Vampiric Draining
Confirm with . or Enter, or press ? or * to list all spells.
Aiming: Vampiric Draining
Press: ? - help, Shift-Dir - straight line, f - orc
Aim: an orc, wielding a mace The orc is almost dead.
You feel life coursing into your body. The orc hits you but does no damage.
The kobold misses you.
Things that are here:
a leather armour; a falchion
Casting: Vampiric Draining
Confirm with . or Enter, or press ? or * to list all spells.
Aiming: Vampiric Draining
Press: ? - help, Shift-Dir - straight line, f - kobold, p - orc
Aim: a kobold, wielding a short sword You miscast Vampiric Draining.
You are very lightly contaminated with residual magic.
Pain shoots through your body!
Ouch! That really hurt!
You die...

, , *##.###..P.P...P. ,
* #..[.....♣♣♣P..♣ ,*
##...#...P♣ .P♣ *
#.........♣♣♣...♣ * #
##...#.#.P..P...
#.##.##.>##.#........ ,
*
*#......o.............*
,
,.....##K###.#########
#### *#.@...# #######


You could see an orc and a kobold.

Vanquished Creatures
  2 adders
  A worm (D:2)
  An orc (D:2)
  3 goblins (D:1)
  4 hobgoblins
  4 jackals (D:1)
  A kobold (D:2)
  A bat (D:1)
17 creatures vanquished.

Notes
Turn   | Place    | Note
-------+----------+-------------------------------------------
     0 | D:1      | letownia2 the Deep Dwarf Necromancer began the quest for the Orb.
     0 | D:1      | Reached XP level 1. HP: 15/15 MP: 3/3
   112 | D:2      | Found a shattered altar of Ashenzari.
   124 | D:2      | Reached XP level 2. HP: 20/22 MP: 1/5
   565 | D:3      | Reached skill level 5 in Necromancy
   565 | D:3      | Reached XP level 3. HP: 17/28 MP: 0/6
   570 | D:3      | Learned a level 3 spell: Vampiric Draining
   613 | D:3      | Found a hide-covered altar of Uskayaw.
   869 | D:2      | Killed by miscasting Vampiric Draining

Skill      XL: |  1  2 |
---------------+-------+-----
Spellcasting   | 2 |  2.6
Necromancy     | 5 |  5.0
Dodging        | |  2.1
Stealth        | |  2.4

Action                   || total
-------------------------++-------
Melee: Unarmed           ||    10
 Cast: Pain              ||    36
       Vampiric Draining ||     5
  Eat: Chunk             ||     1
Armor: Robe              ||     6
       Ring mail         ||     2
Dodge: Dodged            ||    20
